Map: Inside and Out

Players

Djébia

  • Race: Terran Terran
  • League: Bronze
  • Spawn Location: 7:00

Xandros - Winner!

  • Race: Zerg Zerg
  • League: Silver
  • Spawn Location: 1:00

VOD

Have the link to the VOD?

Description

Time

  • Played on: Dec. 18, 2022, 5:47 a.m.
  • Length: 24:19
Show
View Real Time Build Order
Export as new Build Order

Djébia Terran 

Build Orders: Reaper Expand 

Get SALT Encoding   

  12  0:00  SCV  
  13  0:12  SCV  
  14  0:17  Supply Depot  
  14  0:24  SCV  
  15  0:38  SCV  
  15  0:39  Barracks  
  16  0:45  Refinery  
  16  0:51  SCV  
  17  1:03  SCV  
  18  1:15  SCV  
  19  1:28  Orbital Command, Reaper  
  20  1:46  Command Center  
  20  1:55  SCV  
  21  2:02  Marine  
  21  2:06  Supply Depot  
  22  2:12  Factory  
  22  2:23  Refinery  
  22  3:02  Barracks  
  22  3:04  SCV, Widow Mine  
  26  3:06  Bunker  
  26  3:07  Orbital Command  
  26  3:10  Refinery  
  25  3:18  SCV  
  26  3:20  Starport  
  26  3:25  Hellion  
  28  3:30  SCV, Barracks Reactor  
  29  3:34  SCV  
  30  3:43  Barracks  
  30  3:45  SCV, Refinery  
  31  3:55  SCV  
  32  3:56  Widow Mine  
  32  3:58  Barracks Tech Lab  
  32  4:00  SCV  
  35  4:07  Medivac  
  35  4:08  SCV  
  38  4:13  Marine  
  38  4:14  Supply Depot, Marine  
  38  4:15  SCV  
  41  4:28  Marine  
  41  4:31  Marine  
  43  4:32  Widow Mine  
  43  4:33  SCV  
  43  4:35  Marine  
  47  4:40  Supply Depot, Marine  
  47  4:41  Supply Depot  
  48  4:46  SCV, Marine  
  48  4:47  Supply Depot, SCV  
  51  4:59  SCV  
  52  5:00  Factory Tech Lab  
  52  5:17  SCV  
  52  5:18  Starport Tech Lab  
  52  5:20  Barracks Tech Lab  
  52  5:21  Concussive Shells  
  52  5:22  Marine x2  
  52  5:24  Marauder, SCV  
  57  5:31  SCV  
  58  5:37  Bunker  
  58  5:39  Marine  
  58  5:40  Marine  
  58  5:41  SCV  
  61  5:45  Marauder  
  61  5:46  SCV, Engineering Bay  
  61  5:47  Engineering Bay  
  61  5:49  Banshee, Cloaking Field  
  67  5:50  Marine  
  67  5:53  SCV, Combat Shield  
  67  5:56  Siege Tank  
  72  5:57  Marine  
  72  5:58  SCV, Marine  
  72  6:03  Supply Depot  
  75  6:05  SCV  
  75  6:10  SCV  
  77  6:14  Marine  
  78  6:25  Marine  
  79  6:30  Marine x2  
  79  6:33  Marine  
  79  6:34  Banshee  
  79  6:37  Siege Tank  
  86  6:45  Missile Turret, Command Center  
  86  6:46  Missile Turret  
  86  6:49  Supply Depot  
  86  6:59  Missile Turret  
  86  7:10  SCV x2, Marine x4  
  86  7:11  Supply Depot  
  90  7:22  SCV  
  90  7:28  Marine x2  
  90  7:29  Marine  
  94  7:32  Banshee, Marine  
  94  7:33  SCV, Siege Tank  
  102  7:39  Terran Infantry Weapons Level 1, Terran Infantry Armor Level 1, Supply Depot  
  102  7:40  Supply Depot  
  102  7:44  Stimpack  
  102  7:54  Supply Depot  
  102  7:56  Marine x2  
  102  7:57  Marauder x2, SCV x2  
  110  8:09  SCV  
  107  8:14  SCV, Marine x2  
  107  8:18  Marine  
  107  8:19  Armory  
  111  8:21  SCV  
  112  8:39  Supply Depot  
  112  8:41  Supply Depot, Missile Turret  
  112  8:42  Refinery  
  112  8:43  Refinery  
  112  8:45  Missile Turret  
  112  8:46  Missile Turret  
  109  8:50  Marine x3  
  109  8:51  Marine  
  109  8:52  Siege Tank  
  109  8:53  SCV x2, Medivac  
  121  8:57  Orbital Command  
  120  9:05  SCV  
  120  9:07  SCV  
  122  9:16  Marine  
  122  9:17  Marine  
  123  9:18  SCV  
  125  9:30  Marauder x2  
  125  9:31  SCV, Siege Tank  
  132  9:32  SCV  
  134  9:43  Marine x2  
  136  9:51  Marauder, Marine  
  139  10:00  Marine  
  139  10:01  Marine  
  139  10:03  Siege Tank  
  86  10:07  SCV x2, Viking  
  144  10:08  SCV  
  144  10:09  Marine  
  144  10:12  Marine  
  144  10:13  Command Center  
  144  10:14  Missile Turret  
  151  10:15  Missile Turret  
  151  10:16  Armory  
  151  10:17  Starport  
  151  10:18  Marine  
  151  10:19  SCV, Command Center  
  151  10:20  SCV  
  154  10:22  Marine  
  154  10:26  Marine  
  154  10:37  Viking  
  95  11:04  Marine x3  
  95  11:05  Marine  
  95  11:06  Siege Tank  
  95  11:07  SCV x2  
  101  11:22  Marine x3  
  101  11:23  Marine  
  100  11:37  SCV  
  100  11:38  SCV x2, Siege Tank  
  106  11:40  Marine x4  
  110  11:50  SCV x3  
  112  11:58  Orbital Command, Marine x2  
  113  12:02  SCV x3  
  113  12:03  Terran Infantry Weapons Level 2, Terran Infantry Armor Level 2  
  113  12:07  Starport Tech Lab  
  116  12:16  Marauder x2  
  116  12:17  Siege Tank  
  116  12:19  Banshee, SCV  
  116  12:20  SCV  
  128  12:23  SCV  
  128  12:25  Command Center  
  128  12:26  Missile Turret, Marine x2  
  128  12:27  Missile Turret  
  131  12:30  Missile Turret  
  131  12:32  SCV, Terran Vehicle Weapons Level 1  
  131  12:35  Terran Vehicle And Ship Armor Level 1  
  131  12:36  SCV  
  131  12:37  Marauder, Marine  
  133  12:38  Supply Depot  
  133  12:41  Supply Depot  
  133  12:43  Factory  
  136  12:45  Factory  
  136  12:49  SCV  
  138  13:03  Factory x2  
  138  13:04  Planetary Fortress, Factory  
  138  13:05  SCV x2  
  139  13:06  Factory  
  139  13:07  Supply Depot, SCV  
  139  13:08  Supply Depot  
  139  13:10  Supply Depot  
  140  13:14  Marauder x2  
  140  13:16  Banshee  
  140  13:17  SCV x2  
  140  13:18  Siege Tank  
  140  13:19  SCV  
  153  13:27  Sensor Tower  
  153  13:29  SCV x2  
  153  13:30  Sensor Tower  
  153  13:31  SCV, Marine x2  
  158  13:35  Marauder x2  
  158  13:41  SCV x3  
  163  13:43  SCV  
  163  13:46  Command Center  
  166  13:49  Factory Tech Lab x2, Marine x2  
  166  13:50  Factory Tech Lab x2, Siege Tank  
  166  13:51  Factory Tech Lab  
  166  13:53  SCV x3  
  166  13:55  SCV  
  174  13:56  Marine  
  174  13:59  Marine  
  162  14:07  Marine x2  
  163  14:14  Marine  
  164  14:17  Marine  
  164  14:18  Siege Tank x3  
  164  14:19  Siege Tank x2  
  164  14:22  Siege Tank  
  175  14:24  Marine  
  175  14:25  Marine  
  156  14:32  Marine  
  156  14:33  SCV  
  156  14:34  Marine  
  150  14:42  Marine x2  
  150  14:44  SCV x2  
  152  14:49  Marine  
  152  14:52  Marine  
  128  15:00  Marine x2  
  120  15:07  SCV, Marine  
  120  15:10  Marine  
  120  15:12  Siege Tank x3  
  120  15:13  Siege Tank  
  133  15:16  SCV, Widow Mine  
  133  15:18  Marine x2  
  138  15:22  Refinery  
  138  15:23  SCV  
  138  15:25  Marine, Refinery  
  138  15:27  SCV, Refinery x2  
  138  15:28  Marine  
  143  15:36  SCV x2, Marine x2  
  143  15:37  Planetary Fortress  
  146  15:43  Marine  
  146  15:49  Marine  
  147  15:50  SCV  
  147  15:51  Planetary Fortress  
  147  15:56  Command Center x2  
  140  15:58  Missile Turret, Marine x2  
  140  16:00  Refinery  
  140  16:01  Marine  
  140  16:02  SCV  
  141  16:05  SCV x2  
  141  16:07  Marine  
  144  16:15  Marine  
  144  16:17  Marine  
  146  16:19  Marine  
  146  16:20  Siege Tank  
  146  16:21  Missile Turret, Siege Tank x3  
  146  16:23  SCV  
  146  16:25  Marine  
  160  16:28  Missile Turret  
  160  16:29  SCV, Refinery  
  162  16:33  Marine  
  162  16:34  Marine  
  162  16:44  Missile Turret  
  135  16:47  Marine x2  
  135  16:51  Marine  
  135  16:52  Marine, Refinery  
  124  17:05  Marine x2  
  115  17:09  Marine, Widow Mine  
  115  17:10  Marine, Widow Mine  
  97  17:23  Marine x2  
  99  17:33  Marine  
  99  17:34  Marine  
  101  17:40  Marine  
  101  17:42  Planetary Fortress  
  101  17:43  Planetary Fortress  
  102  17:45  SCV  
  102  17:47  Marine  
  102  17:50  Marine  
  105  17:52  Marine  
  101  17:58  Marine  
  101  18:04  Marine  
  101  18:08  Marine  
  101  18:10  Cyclone x2, Marine  
  104  18:16  Marine  
  102  18:20  SCV x2  
  102  18:22  Marine  
  102  18:26  Marine  
  105  18:28  Marine, Siege Tank  
  105  18:29  Medivac  
  105  18:30  SCV  
  105  18:34  Marine  
  109  18:40  Marine  
  111  18:42  Siege Tank  
  111  18:43  SCV  
  111  18:44  SCV, Marine  
  111  18:46  Marine  
  118  18:49  Siege Tank  
  118  18:50  Terran Infantry Armor Level 3, Terran Infantry Weapons Level 3  
  118  18:52  Marine  
  122  18:58  Marine  
  122  18:59  Orbital Command, Medivac  
  122  19:00  Siege Tank  
  122  19:02  Marine  
  129  19:03  SCV x2  
  129  19:05  SCV  
  129  19:07  Marine  
  129  19:09  Marine  
  133  19:15  SCV x2  
  133  19:16  Marine  
  137  19:17  SCV  
  137  19:19  Marine  
  139  19:25  Marine  
  139  19:27  SCV x2, Marine  
  139  19:29  SCV  
  144  19:34  Marine  
  144  19:37  Marine, Siege Tank x3  
  155  19:43  Marine  
  155  19:45  Marine  
  152  19:51  Marine  
  130  19:55  Marine  
  113  20:01  Marine  
  113  20:03  SCV x3, Marine  
  113  20:07  SCV  
  117  20:09  Marine  
  117  20:13  Marine  
  119  20:15  SCV x2  
  119  20:16  SCV  
  119  20:18  Marine  
  119  20:21  Marine  
  124  20:23  SCV, Refinery  
  124  20:27  Marine  
  126  20:31  Marine  
  126  20:33  Command Center  
  127  20:36  Marine  
  127  20:38  Marine  
  124  20:47  Command Center  
  118  20:52  Marine  
  118  20:53  Marine  
  118  20:54  Marine, Widow Mine x2  
  118  20:55  SCV x3  
  120  20:58  Marine  
  120  21:03  Widow Mine  
  120  21:04  SCV  
  123  21:07  SCV x3  
  123  21:10  Marine  
  123  21:11  Reaper  
  128  21:15  Marine, Widow Mine  
  128  21:16  Marine, Barracks x2  
  128  21:17  Barracks x2  
  128  21:18  Barracks x3  
  128  21:21  Barracks  
  128  21:22  Barracks  
  123  21:28  Marine  
  104  21:33  Marine x2  
  102  21:43  Marine  
  102  21:46  Marine  
  91  21:47  SCV x2  
  91  21:51  Marine x2  
  94  22:00  Marine  
  92  22:04  SCV, Marine x2  
  92  22:05  Marine x3  
  98  22:09  Marine x2  
  98  22:13  Marine x2  
  98  22:14  SCV  
  88  22:28  Marine x2  
  88  22:29  SCV  
  87  22:30  Marine x2  
  87  22:31  Marine x5  
  87  22:32  Marine x3  
  96  22:46  Marine x2  
  96  22:48  Marine x3  
  96  22:49  Marine x2  
  96  22:50  Marine  
  100  22:51  Marine  
  71  23:04  Marine x2  
  64  23:07  Marine  
  64  23:09  Marine  
  60  23:18  SCV x2  
  57  23:22  Marine x2  
  57  23:25  Marine  
  59  23:27  Marine  
  57  23:39  Marine x2  
  49  23:43  Marine  
  37  23:54  Widow Mine  
  40  23:57  Marine x2  
Show
View Real Time Build Order
Export as new Build Order

Xandros Zerg - Winner!

Build Orders: Hatch First, Roach Hydra 

Get SALT Encoding   

  12  0:02  Drone  
  13  0:13  Overlord  
  13  0:18  Drone  
  14  0:31  Drone x2  
  14  0:35  Drone  
  17  0:52  Hatchery  
  17  0:55  Drone  
  17  1:09  Spawning Pool  
  16  1:11  Drone  
  17  1:21  Extractor, Drone x2  
  18  1:29  Drone  
  19  1:39  Overlord  
  19  1:51  Drone  
  20  1:58  Queen  
  20  2:01  Drone  
  23  2:04  Queen  
  23  2:06  Drone  
  26  2:14  Drone  
  27  2:18  Drone  
  26  2:40  Queen  
  27  2:47  Lair  
  26  3:02  Drone x5  
  26  3:03  Drone  
  32  3:13  Drone x3  
  35  3:23  Drone  
  36  3:34  Overlord  
  36  3:37  Overlord  
  36  3:39  Overlord  
  36  3:46  Roach Warren  
  36  3:47  Drone, Evolution Chamber  
  36  3:48  Drone  
  36  3:55  Extractor  
  35  4:09  Drone x3  
  38  4:11  Overlord  
  38  4:16  Overlord  
  38  4:27  Roach x5  
  48  4:38  Roach x4  
  56  4:42  Drone x3  
  59  4:51  Extractor  
  58  5:05  Hatchery  
  57  5:16  Drone x6  
  57  5:17  Drone x2  
  65  5:24  Drone  
  65  5:27  Zerg Missile Weapons Level 1, Glial Reconstitution  
  66  5:46  Spine Crawler  
  66  5:47  Spine Crawler  
  66  5:49  Spine Crawler  
  63  5:53  Drone x2  
  63  5:54  Drone x3  
  63  5:55  Overlord x3  
  68  6:10  Extractor  
  67  6:20  Evolution Chamber  
  58  6:26  Hydralisk Den  
  58  6:29  Drone x4  
  60  6:34  Spore Crawler  
  60  6:38  Drone x9  
  68  6:40  Spore Crawler  
  67  6:47  Queen  
  69  6:57  Hydralisk  
  69  6:58  Hydralisk x8  
  87  7:03  Grooved Spines  
  87  7:08  Drone x2  
  89  7:14  Drone x4  
  93  7:26  Drone x3  
  93  7:27  Drone x2  
  92  7:33  Drone  
  92  7:34  Drone x2  
  95  7:39  Spore Crawler  
  95  7:41  Spine Crawler  
  95  7:44  Spine Crawler  
  92  7:45  Spore Crawler  
  92  7:48  Spore Crawler  
  92  7:49  Drone x4  
  92  7:50  Drone x2  
  96  7:55  Extractor, Overlord  
  96  7:56  Overlord  
  95  8:05  Drone  
  96  8:14  Muscular Augments  
  94  8:23  Hydralisk x6  
  106  8:28  Drone x4  
  110  8:34  Hatchery  
  109  8:46  Extractor  
  106  8:52  Overseer  
  106  9:06  Drone  
  106  9:07  Drone x3  
  106  9:08  Drone x2  
  112  9:11  Drone  
  112  9:12  Drone  
  112  9:14  Overlord x4  
  114  9:44  Infestation Pit  
  113  9:50  Roach  
  113  9:51  Roach x11  
  137  9:56  Pneumatized Carapace  
  137  9:59  Overlord x2  
  137  10:14  Queen, Hatchery  
  96  10:58  Roach x15  
  96  10:59  Roach x7  
  138  11:06  Drone  
  138  11:10  Hydralisk  
  138  11:11  Roach  
  140  11:35  Drone x4  
  144  11:49  Hive  
  144  11:51  Zerg Missile Weapons Level 2  
  144  11:53  Zerg Ground Armor Level 1  
  144  11:59  Drone  
  144  12:00  Drone x2  
  147  12:06  Queen  
  149  12:13  Hatchery  
  148  12:19  Hydralisk x6  
  148  12:22  Overlord x4  
  160  12:41  Queen  
  160  12:42  Hydralisk x2  
  166  12:48  Hydralisk x4, Roach  
  166  12:49  Hydralisk x3, Roach x5  
  192  12:57  Extractor  
  191  13:01  Extractor  
  190  13:06  Ultralisk Cavern  
  190  13:08  Hydralisk  
  190  13:12  Overlord x3  
  191  13:17  Burrow  
  191  13:37  Overlord  
  191  13:38  Overlord x2  
  191  13:39  Overseer  
  191  13:40  Hydralisk  
  191  13:41  Hydralisk x3  
  191  14:15  Roach x6  
  138  14:39  Hydralisk x9  
  139  14:52  Zerg Missile Weapons Level 3  
  123  14:53  Zerg Ground Armor Level 2  
  101  15:01  Ultralisk x7  
  101  15:02  Hydralisk  
  101  15:03  Hydralisk x7  
  143  15:22  Drone x3  
  143  15:24  Drone x5  
  151  15:31  Drone x3  
  154  15:42  Hatchery  
  151  15:59  Hydralisk x6  
  163  16:08  Hydralisk x2  
  163  16:09  Hydralisk  
  169  16:13  Hydralisk  
  171  16:38  Extractor  
  170  16:47  Hydralisk x10  
  190  16:57  Chitinous Plating  
  174  17:04  Drone x5  
  174  17:06  Hydralisk  
  135  17:29  Hydralisk x7  
  137  17:42  Zerg Ground Armor Level 3  
  135  17:44  Hydralisk  
  135  17:45  Hydralisk  
  139  17:58  Hydralisk x5  
  131  18:07  Spore Crawler  
  131  18:08  Spine Crawler  
  131  18:09  Spine Crawler  
  131  18:12  Hydralisk x2  
  126  18:16  Anabolic Synthesis  
  110  18:21  Hydralisk  
  110  18:22  Hydralisk x2  
  110  18:23  Hydralisk  
  103  18:35  Hydralisk x4  
  111  18:41  Drone  
  111  18:42  Drone x5  
  111  18:46  Drone x2  
  119  18:57  Drone  
  119  18:58  Drone  
  119  18:59  Drone  
  119  19:02  Drone x2  
  124  19:07  Hatchery  
  123  19:10  Drone x6  
  123  19:15  Hydralisk x2  
  129  19:26  Hydralisk x4  
  137  19:37  Hydralisk x5  
  147  19:47  Overseer  
  127  20:00  Hydralisk  
  127  20:01  Hydralisk x6  
  127  20:04  Ultralisk  
  145  20:10  Ultralisk  
  151  20:16  Ultralisk  
  151  20:18  Hydralisk x2  
  151  20:19  Hydralisk, Zerg Melee Weapons Level 1  
  163  20:30  Hydralisk  
  163  20:31  Hydralisk x4  
  170  20:47  Extractor  
  170  20:48  Ultralisk x2  
  170  20:49  Hydralisk  
  175  20:55  Drone x5  
  176  21:24  Hydralisk x11  
  176  22:01  Spine Crawler  
  175  22:02  Queen  
  175  22:09  Spine Crawler  
  175  22:11  Spine Crawler  
  167  22:20  Hydralisk x13  
  185  22:36  Hydralisk  
  185  22:37  Hydralisk x2  
  189  22:47  Hatchery  
  188  22:51  Hydralisk  
  188  22:52  Hydralisk x3  
  188  22:54  Hydralisk  
  190  23:01  Drone x3  
  190  23:03  Hydralisk x2  
  197  23:19  Drone x3  
  199  23:20  Drone  
  191  23:39  Extractor, Overlord x2  
  172  23:41  Overseer  
Tags
 
Add a new tag
Caveats
  • Supply blocks, unpowered buildings, or Contaminate may cause inaccurate times.
  • Supply counts are checked every 10 seconds.